 Dungeon Crawl Stone Soup version 0.28.0-53-g5a82cb258f (webtiles) character file.

Game seed: 955066961012540929

10583 Ashen the Thaumaturge (level 11, 0/87 HPs)
             Began as a Mummy Fire Elementalist on July 24, 2022.
             Was an Elder of Ashenzari.
             Slain by a broodmother (shapeshifter) (30 damage)
             ... on level 10 of the Dungeon.
             The game lasted 00:37:54 (15517 turns).

Ashen the Thaumaturge (Mummy Fire Elementalist)    Turns: 15517, Time: 00:37:55

Health: 0/87       AC: 10    Str: 11    XL:     11   Next: 38%
Magic:  4/25       EV: 13    Int: 30    God:    Ashenzari [****..]
Gold:   385        SH:  8    Dex:  9    Spells: 14/30 levels left

rFire   x . .      SeeInvis +   p - +2 hand axe "Manifest Paranoia" {venom, rPois Int+2, Alch, Range} (curse)
rCold   + . .      Faith    .   n - +2 buckler "Prophetic Pessimism" {Alch, Fort} (curse)
rNeg    + + +      Spirit   .   f - +3 leather armour "Portent of Ashenzari" {rN+ Will++ Int+2 Dex-3, Self, Fort} (curse)
rPois   ∞          Reflect  .   i - +0 helmet of Ashenzari's Stickiness {Evo, Range} (curse)
rElec   .          Harm     .   (no cloak)
rCorr   .          Rampage  .   (no gloves)
Will    ++++.      Clarity  +   a - +2 pair of boots of the Shackled Levity {Comp, Cun} (curse)
Stlth   +++.......              (no amulet)
HPRegen 0.24/turn               j - ring "Lashed With Me" {Int+6, Range, Fort} (curse)
MPRegen 0.19/turn               l - ring of willpower

@: no status effects
A: cold resistance 1, negative energy resistance 3, torment resistance 2, heat
vulnerability 1, no potions
a: Renounce Religion, Curse Item, Shatter the Chains


You were on level 10 of the Dungeon.
You worshipped Ashenzari.
Ashenzari was greatly pleased with you.
You visited 2 branches of the dungeon, and saw 11 of its levels.

You collected 385 gold pieces.

Inventory:

Hand Weapons
 m - a +0 spear of freezing
 p - the cursed +2 hand axe "Manifest Paranoia" (weapon) {venom, rPois Int+2, Alch, Range}
   (You found it on level 5 of the Dungeon)

   It poisons the flesh of those it strikes.
   Int:       It affects your intelligence (+2).
   rPois:     It protects you from poison.
   It has a curse which improves the following skills: Alchemy: Poison Magic and
   Transmutations.
   Ranged Combat: Slings, Bows, Crossbows and Throwing.
 r - a +2 short sword of electrocution
Missiles
 B - a throwing net
Armour
 a - the cursed +2 pair of boots of the Shackled Levity (worn) {Comp, Cun}
   (You found it on level 2 of the Dungeon)

   It has a curse which improves the following skills: Companions: Summonings
   and Necromancy.
   Cunning:   Dodging and Stealth.
 f - the cursed +3 leather armour "Portent of Ashenzari" (worn) {rN+ Will++ Int+2 Dex-3, Self, Fort}
   (You found it on level 2 of the Dungeon)

   Int:       It affects your intelligence (+2).
   Dex:       It affects your dexterity (-3).
   rN:        It protects you from negative energy.
   Will:      It greatly increases your willpower.
   It has a curse which improves the following skills: Introspection: Fighting
   and Spellcasting.
   Fortitude: Armour and Shields.
 i - the cursed +0 helmet of Ashenzari's Stickiness (worn) {Evo, Range}
   (You found it on level 2 of the Dungeon)

   It has a curse which improves the following skills: Evocations: Evocations.
   Ranged Combat: Slings, Bows, Crossbows and Throwing.
 n - the cursed +2 buckler "Prophetic Pessimism" (worn) {Alch, Fort}
   (You found it on level 3 of the Dungeon)

   It has a curse which improves the following skills: Alchemy: Poison Magic and
   Transmutations.
   Fortitude: Armour and Shields.
 v - a +1 helmet
 D - a +0 kite shield
Jewellery
 j - the cursed ring "Lashed With Me" (left hand) {Int+6, Range, Fort}
   (You found it on level 2 of the Dungeon)

   [ring of intelligence]

   Int:       It affects your intelligence (+6).
   It has a curse which improves the following skills: Ranged Combat: Slings,
   Bows, Crossbows and Throwing.
   Fortitude: Armour and Shields.
 k - a ring of magical power
 l - a ring of willpower (right hand)
 t - a ring of wizardry
 y - a +4 ring of protection
 C - a ring of ice
 F - a +6 ring of dexterity
 G - a +6 ring of dexterity
Wands
 o - a wand of iceblast (23)
 s - a wand of paralysis (14)
 A - a wand of flame (13)
Scrolls
 b - 3 scrolls of immolation
 c - 8 scrolls of identify
 d - a scroll of fog
 e - 2 scrolls of enchant weapon
 g - 2 scrolls of magic mapping
 h - 5 scrolls of teleportation
 q - 2 scrolls of amnesia
 u - a scroll of vulnerability
 w - a scroll of acquirement
 x - 2 scrolls of enchant armour
 z - 2 scrolls of fear
 E - a scroll of brand weapon


   Skills:
 + Level 6.8(8.8) Fighting
 + Level 5.9(7.9) Dodging
 + Level 6.5(8.5) Stealth
 + Level 5.6(9.4) Shields
 - Level 8.1(10.1) Spellcasting
 + Level 5.8 Conjurations
 + Level 6.3 Fire Magic


You had 14 spell levels left.
You knew the following spells:

 Your Spells              Type           Power      Damage    Failure   Level
a - Foxfire               Conj/Fire      100%       2x1d9     1%          1
b - Scorch                Fire           100%       2d10      1%          2
c - Conjure Flame         Conj/Fire      51%        6-21      1%          3
d - Inner Flame           Hex/Fire       34%        N/A       4%          3
e - Flame Wave            Conj/Fire      51%        2d10      4%          4
f - Swiftness             Air            15%        N/A       17%         3

Your spell library contained the following spells:

 Spells                   Type           Power      Damage    Failure   Level
 Magic Dart               Conj           100%       1d8       1%          1
 Searing Ray              Conj           100%       2d8       1%          2
 Static Discharge         Conj/Air       32%        N/A       2%          2
 Freeze                   Ice            60%        1d8       5%          1
 Passwall                 Tmut/Erth      13%        N/A       8%          2
 Ensorcelled Hibernation  Hex/Ice        30%        N/A       9%          2
 Summon Guardian Golem    Hex/Summ       15%        N/A       16%         3
 Frozen Ramparts          Ice            30%        1d5       17%         3
 Fulminant Prism          Conj/Hex       16%        3d11      17%         4
 Hailstorm                Conj/Ice       32%        3d8       17%         4
 Lightning Bolt           Conj/Air       16%        1d30      43%         5
 Petrify                  Tmut/Erth      16%        N/A       45%         4
 Metabolic Englaciation   Hex/Ice        7%         N/A       83%         5
 Orb of Destruction       Conj           25%        9d9       99%         7
 Spellforged Servitor     Conj/Summ      16%        N/A       100%        7
 Maxwell's Capacitive Co  Air            7%         ∞         100%        8
 Statue Form              Tmut/Erth      Unusable   N/A       N/A         6

Dungeon Overview and Level Annotations

Branches:
Dungeon (10/15)            Temple (1/1) D:4            Lair (0/6) D:9
    Orc (0/2) D:10

Altars:
Ashenzari
Cheibriados
Dithmenos
Elyvilon
Fedhas
Gozag
Hepliaklqana
Kikubaaqudgha
Makhleb
Nemelex Xobeh
Okawaru
Qazlal
Ru
Sif Muna
Trog
Uskayaw
Vehumet
Wu Jian
Xom
Yredelemnul
Zin
The Shining One

Shops:
D:2 ?   D:9 ([(

Annotations:
D:1 Terence
D:3 1 runed translucent door, SHADDY's ghost, amateur DDFi
D:8 3 runed translucent doors, arakdai's ghost, novice DsGl


Innate Abilities, Weirdness & Mutations

You are immune to poison.
Your flesh is cold resistant. (rC+)
You are immune to negative energy. (rN+++)
You are immune to unholy pain and torment.
You are vulnerable to heat. (rF-)
You do not drink.


Message History

You kill the redback!
The redback's corpse disappears in a puff of smoke!
The flame wave engulfs the broodmother!
The broodmother is moderately wounded. (Press . to intensify the flame waves.)
The broodmother barely misses you.
A wave of flame ripples out!
The flame wave engulfs the redback!
The redback is moderately wounded.
The flame wave engulfs the broodmother!
The broodmother is moderately wounded.
You block the redback's attack.
The broodmother bites you but does no damage.
The redback misses you.
A wave of flame ripples out!
The flame wave engulfs the redback!
The redback is almost dead.
The flame wave engulfs the broodmother.
The broodmother is moderately wounded.
You finish channelling waves of flame.
You block the broodmother's attack. The redback barely misses you.
Unknown command.
Casting: Flame Wave (dangerous; 4% risk of failure)
Confirm with . or Enter, or press ? or * to list all spells.
Casting: Flame Wave (dangerous; 4% risk of failure)
Press: ? - help, Dir - look around, f - activate A wave of flame ripples out!
The flame wave engulfs the redback!
You kill the redback!
The redback's corpse disappears in a puff of smoke!
The flame wave engulfs the broodmother!
The broodmother is heavily wounded. (Press . to intensify the flame waves.)
The broodmother summons spiders!
The jumping spider leaps!
A wave of flame ripples out!
The flame wave engulfs the broodmother.
The broodmother is heavily wounded.
The flame wave engulfs the wolf spider!
The wolf spider is moderately wounded.
The flame wave engulfs the tarantella!
The tarantella is heavily wounded.
The broodmother bites you but does no damage.
The broodmother bites you!!
You die...

##########
###........## * #
#)...@s...... , ,
. #...§ss......,
*,,,,,.
##..)....##... ,
#
###.......#*,,.,
, , #
##..............,
,....
#...............
....
#...............
* ....
#...°...........
, ,....
#...............,
,,....


You could see a broodmother, a wolf spider (summoned) and a tarantella
(summoned).

Vanquished Creatures
  4 two-headed ogres
  A wyvern (D:9)
  19 yaks
  A human (D:10)
  2 wargs (D:10)
  An acid dragon (D:9)
  6 water moccasins
  2 ice beasts (D:6)
  3 sky beasts
  2 orc warriors
  4 black bears
  2 ogres (D:6)
  8 centaurs
  2 phantoms
  A kobold brigand (D:8)
  6 bullfrogs
  3 scorpions (D:5)
  A killer bee (D:9)
  10 wights
  4 howler monkeys
  2 bullfrog zombies
  A centaur zombie (D:9)
  3 hounds
  A jelly (D:5)
  6 orc priests
  A centaur skeleton (D:7)
  A gnoll shaman (D:8)
  2 iguanas
  13 orc wizards
  A killer bee zombie (D:7)
  A howler monkey zombie (D:9)
  5 gnolls (D:8)
  7 adders
  An adder zombie (D:5)
  An adder skeleton (D:4)
  2 worms
  3 dart slugs
  26 orcs
  9 endoplasms
  A giant cockroach (D:2)
  6 hobgoblins
  5 jackals
  8 kobolds
  A quokka (D:5)
  2 bats (D:3)
  3 frilled lizards
  3 goblins
  6 rats
  A spectral hobgoblin (D:1)
204 creatures vanquished.

Vanquished Creatures (others)
  653 foxfires
  28 fungi (D:9)
  32 plants (D:9)
713 creatures vanquished.

Grand Total: 917 creatures vanquished

Notes
Turn   | Place    | Note
-------+----------+-------------------------------------------
     0 | D:1      | Ashen the Mummy Fire Elementalist began the quest for the
                  | Orb.
     0 | D:1      | Reached XP level 1. HP: 13/13 MP: 4/4
   323 | D:1      | Found a faded altar of an unknown god.
   666 | D:1      | Reached XP level 2. HP: 20/20 MP: 3/5
   838 | D:1      | Reached skill level 1 in Conjurations
  1241 | D:2      | Identified the +3 leather armour of Gozag's Displeasure
                  | {rN+ Will++ Int+2 Dex-3}
  1260 | D:2      | Found Puyzurop's Magic Scroll Emporium.
  1530 | D:2      | Reached skill level 1 in Fighting
  1708 | D:2      | Learned a level 2 spell: Scorch
  1840 | D:2      | Identified the +3 ring mail "Sisoo" {Will+ Str+3}
  1874 | D:2      | Reached skill level 3 in Spellcasting
  1874 | D:2      | Reached XP level 3. HP: 24/26 MP: 1/7
  2131 | D:2      | Learned a level 3 spell: Conjure Flame
  2155 | D:2      | Noticed Terence
  2785 | D:3      | Found a runed translucent door.
  2785 | D:3      | Noticed SHADDY's ghost (amateur DDFi)
  2990 | D:3      | Reached XP level 4. HP: 27/32 MP: 2/8
  3844 | D:4      | Found a staircase to the Ecumenical Temple.
  3853 | Temple   | Entered the Ecumenical Temple
  4075 | Temple   | Became a worshipper of Ashenzari the Shackled
  4142 | D:4      | Reached skill level 1 in Shields
  4341 | D:4      | Found an ancient bone altar of Kikubaaqudgha.
  4342 | D:4      | Found a bloodstained altar of Trog.
  4349 | D:4      | Found a snail-covered altar of Cheibriados.
  4351 | D:4      | Found an opulent altar of Gozag.
  4352 | D:4      | Found a blossoming altar of Fedhas.
  4362 | D:4      | Reached XP level 5. HP: 37/37 MP: 10/10
  4363 | D:4      | Found a hide-covered altar of Uskayaw.
  5061 | D:4      | Found a shadowy altar of Dithmenos.
  5061 | D:4      | Noticed a shadow
  5065 | D:4      | Found a hazy altar of Hepliaklqana.
  5327 | D:5      | Entered Level 5 of the Dungeon
  5382 | D:5      | Noticed a sky beast
  5393 | D:5      | Killed a sky beast
  5394 | D:5      | Reached XP level 6. HP: 44/44 MP: 3/11
  5543 | D:5      | Reached skill level 4 in Spellcasting
  5836 | D:5      | Reached XP level 7. HP: 43/51 MP: 6/13
  6259 | D:5      | Identified the +2 hand axe of Blood {venom, rPois Int+2}
  6945 | D:6      | Reached skill level 5 in Spellcasting
  6945 | D:6      | Reached XP level 8. HP: 58/58 MP: 7/15
  6957 | D:5      | Reached * piety under Ashenzari
  7241 | D:6      | Learned a level 3 spell: Inner Flame
  7246 | D:6      | Learned a level 4 spell: Flame Wave
  7250 | D:6      | Learned a level 3 spell: Swiftness
  7951 | D:6      | Reached ** piety under Ashenzari
  8205 | D:6      | Reached XP level 9. HP: 57/68 MP: 6/19
  8212 | D:6      | Reached skill level 6 in Spellcasting
  8639 | D:7      | Found a sacrificial altar of Ru.
  8684 | D:7      | Found a hide-covered altar of Uskayaw.
  8929 | D:7      | Reached skill level 5 in Stealth
  9082 | D:7      | Reached skill level 5 in Fighting
  9256 | D:7      | Reached skill level 5 in Fire Magic
  9419 | D:8      | Noticed arakdai's ghost (novice DsGl)
  9883 | D:8      | Found a runed translucent gate.
  9883 | D:8      | Found a runed translucent gate.
  9883 | D:8      | Found a runed translucent gate.
  9946 | D:8      | Reached *** piety under Ashenzari
 10050 | D:8      | Reached skill level 7 in Spellcasting
 10312 | D:8      | Reached XP level 10. HP: 66/77 MP: 22/22
 11537 | D:8      | Reached skill level 5 in Dodging
 12132 | D:9      | Noticed a two-headed ogre
 12155 | D:8      | Killed a two-headed ogre
 12156 | D:8      | Reached skill level 5 in Conjurations
 12355 | D:9      | Found a staircase to the Lair.
 12635 | D:9      | Noticed a two-headed ogre
 12742 | D:7      | Killed a two-headed ogre
 12743 | D:7      | Reached skill level 5 in Shields
 13086 | D:9      | Reached skill level 8 in Spellcasting
 13171 | D:9      | Found Amamuowi's Antique Weapon Emporium.
 13379 | D:9      | Noticed a two-headed ogre
 13397 | D:9      | Found Ischu's Weapon Shoppe.
 13397 | D:9      | Identified a scroll of acquirement
 13399 | D:9      | Found Himotomn's Antique Armour Emporium.
 13424 | D:8      | Reached **** piety under Ashenzari
 13610 | D:9      | Reached XP level 11. HP: 74/87 MP: 19/25
 14163 | D:9      | Killed a two-headed ogre
 14451 | D:10     | Entered Level 10 of the Dungeon
 15174 | D:10     | Noticed a two-headed ogre
 15183 | D:10     | Killed a two-headed ogre
 15479 | D:10     | Noticed a broodmother
 15517 | D:10     | Noticed a wolf spider
 15517 | D:10     | Slain by a broodmother (shapeshifter)

Illustrated notes

Levels and vault maps discovered:
D:1:      ebering_trefoil_twist, layout_basic,
          dreamdust_ecumenical_altar_drowned_temple
D:2:      layout_loops_corners, serial_shops, shop_scrolls,
          corexii_leaking_fountain, uniq_terence
D:3:      layout_loops_ring, hellmonk_ghost_happy_afterlife
D:4:      layout_basic, riverfiend_overflow_shadow_ancestor,
          nicolae_overflow_hallway_of_the_gods, minmay_temple_entry_mini_moons,
          serial_co_window_serial, co_window_of_opportunity_a,
          co_window_paths_a, co_window_paths_a, co_window_paths_a,
          co_window_corner_a, co_window_corner_cb, co_window_corner_ca,
          co_window_broadway_b, co_window_paths_c, co_window_paths_e
D:5:      layout_loops_corners, dk_noncrumbling_4, grunt_ministairs_6
D:6:      layout_basic, dk_rats_in_the_wall
D:7:      layout_gridville, nicolae_ru_sacrificial_ziggurat,
          minmay_ruined_shrine
D:8:      layout_loops_ring, gammafunk_ghost_icy
D:9:      layout_basic, due_lair_maze_entry_diamond, serial_shops,
          nicolae_diamond_shop, shop, shop, kennysheep_small_square
D:10:     layout_rooms, erik_orc_4
Temple:   hc_temple_tempest_star

Skill      XL: |  1  2  3  4  5  6  7  8  9 10 11 |
---------------+----------------------------------+-----
Conjurations   | 1 2 3 4 5 |  5.8
Fighting       | 1 2 3 4 5 6 |  6.8
Spellcasting   | 3 4 5 7 8 |  8.1
Stealth        | 2 3 4 5 6 |  6.5
Dodging        | 2 3 4 5 |  5.9
Shields        | 1 2 3 4 5 |  5.6
Fire Magic     | 3 4 5 6 |  6.3

Action                   |  1- 3 |  4- 6 |  7- 9 | 10-12 || total
-------------------------+-------+-------+-------+-------++-------
Melee: Unarmed           |    49 |       |       |       ||    49
       Short sword       |    11 |    47 |     6 |       ||    64
       Hand axe          |       |       |   146 |   235 ||   381
 Cast: Foxfire           |    72 |    67 |   145 |   100 ||   384
       Scorch            |     1 |     3 |    17 |    11 ||    32
       Flame Wave        |       |       |     1 |    14 ||    15
Invok: Curse Item        |       |     1 |     4 |     1 ||     6
  Use: Scroll            |       |       |       |     3 ||     3
 Stab: Sleeping          |     4 |       |     2 |       ||     6
Armor: Robe              |     5 |       |       |       ||     5
       Leather armour    |    23 |    35 |    84 |   119 ||   261
Dodge: Dodged            |    36 |    33 |   115 |   211 ||   395
Block: Buckler           |    12 |    21 |    66 |   164 ||   263
